 Dungeon Crawl Stone Soup version 0.30-a0-1160-g6e42c06551 (webtiles) character file.

Game seed: 324401768784475008

228 cheesebisquit the Digger (level 6, -1/36 HPs)
             Began as a Gargoyle Earth Elementalist on Apr 25, 2023.
             Slain by a gnoll bouda
             ... wielding a +0 whip
              (4 damage)
             ... on level 3 of the Dungeon.
             The game lasted 00:08:05 (3077 turns).

cheesebisquit the Digger (GrEE)                     Turns: 3077, Time: 00:08:05

Health: -1/36      AC: 12    Str: 11    XL:     6   Next: 2%
Magic:  0/10       EV:  8    Int: 18    God:
Gold:   154        SH:  0    Dex: 10    Spells: 3/11 levels left

rFire   + + .        f - +0 dagger (speed)
rCold   . . .        (no shield)
rNeg    + . .        l - +2 scale mail of Vuc Ocvan {+Inv rF++ Will+ Stlth-}
rPois   ∞            (no helmet)
rElec   +            (no cloak)
rCorr   .            (no gloves)
SInv    .            (no boots)
Will    +....        (no amulet) Stlth
                     (no ring)
HPRegen 0.26/turn    (no ring)
MPRegen 0.12/turn

%: no passive effects
@: weakened, very slightly contaminated
A: sickness immunity, AC +4, negative energy resistance 1, electricity
resistance, torment resistance 1, petrification resistance
a: Evoke Invisibility


You were on level 3 of the Dungeon.
You visited 1 branch of the dungeon, and saw 4 of its levels.
You also visited: Sewer.

You collected 154 gold pieces.

Inventory:

Hand Weapons
 f - a +0 dagger of speed (weapon)
Armour
 a - a +0 robe
 l - the +2 scale mail of Vuc Ocvan (worn) {+Inv rF++ Will+ Stlth-}
   (You found it in a sewer)

   rF:        It greatly protects you from fire.
   +Inv:      It lets you turn invisible.
   Will:      It increases your willpower.
   Stlth:     It makes you less stealthy.
Jewellery
 e - an amulet of faith
Wands
 n - a wand of flame (6)
 o - a wand of acid (6)
Scrolls
 d - a scroll of magic mapping {unknown}
 j - a scroll of teleportation {unknown}
 k - 2 scrolls of identify {unknown}
Potions
 b - a potion of magic
 c - 2 potions of flight {unknown}
 g - 3 potions of brilliance {unknown}
 h - a potion of mutation {unknown}
 i - 2 potions of heal wounds {unknown}
 m - a potion of haste {unknown}


   Skills:
 + Level 2.8 Fighting
 - Level 1.5 Dodging
 - Level 2.1 Stealth
 + Level 3.2 Spellcasting
 - Level 0.7 Transmutations
 * Level 6.1 Earth Magic


You had 3 spell levels left.
You knew the following spells:

 Your Spells              Type           Power      Damage    Failure   Level
a - Sandblast             Erth           48%        2d12      9%          1
b - Stone Arrow           Conj/Erth      26%        3d8       65%         3
c - Petrify               Tmut/Erth      15%        N/A       94%         4

Your spell library contained the following spells:

 Spells                   Type           Power      Damage    Failure   Level
 Passwall                 Tmut/Erth      12%        N/A       36%         2
 Ozocubu's Armour         Ice            2%         N/A       97%         3
 Metabolic Englaciation   Hex/Ice        1%         N/A       100%        5
 Simulacrum               Ice/Necr       1%         N/A       100%        6


Dungeon Overview and Level Annotations

Branches:
Dungeon (4/15)             Temple (0/1) D:4           Sewer (visited)

Altars:
The Shining One

Shops:
D:3 :


Innate Abilities, Weirdness & Mutations

You are immune to sickness and miasma.
Your stone body is resilient. (AC +4)
You are immune to poison.
You resist negative energy. (rN+)
You are resistant to electric shocks. (rElec)
You are resistant to unholy torment.
You are immune to petrification.


Message History

Aiming: Sandblast (safe; 9% risk of failure)
Press: ? - help, Q - select action, (/) - cycle Shift-Dir - straight line, f/p - gnoll bouda
Aim: a gnoll bouda, wielding a +0 whip and wearing a +0 leather armour (heavily wounded, 85% to hit)
You miscast Sandblast.
Nothing appears to happen.
The gnoll bouda gazes fiercely through you!
You feel as though you will be weak longer.
The gnoll bouda hits you with a +0 whip.
* * * LOW HITPOINT WARNING * * *
Aiming: Sandblast (safe; 9% risk of failure)
Press: ? - help, Q - select action, (/) - cycle Shift-Dir - straight line, f/p - gnoll bouda
Aim: a gnoll bouda, wielding a +0 whip and wearing a +0 leather armour (heavily wounded, 85% to hit)
You miscast Sandblast.
Nothing appears to happen.
The gnoll bouda closely misses you.
Okay, then.
Aiming: Sandblast (safe; 9% risk of failure)
Press: ? - help, Q - select action, (/) - cycle Shift-Dir - straight line, f/p - gnoll bouda
Aim: a gnoll bouda, wielding a +0 whip and wearing a +0 leather armour (heavily wounded, 85% to hit)
You miscast Sandblast.
Nothing appears to happen.
The gnoll bouda barely misses you.
Aiming: Sandblast (safe; 9% risk of failure)
Press: ? - help, Q - select action, (/) - cycle Shift-Dir - straight line, f/p - gnoll bouda
Aim: a gnoll bouda, wielding a +0 whip and wearing a +0 leather armour (heavily wounded, 85% to hit)
The blast of sand hits the gnoll bouda.
The gnoll bouda is severely wounded.
The gnoll bouda barely misses you.
Aiming: Sandblast (safe; 9% risk of failure)
Press: ? - help, Q - select action, (/) - cycle Shift-Dir - straight line, f/p - gnoll bouda
Aim: a gnoll bouda, wielding a +0 whip and wearing a +0 leather armour (severely wounded, 85% to hit)
The blast of sand hits the gnoll bouda but does no damage.
The gnoll bouda is severely wounded.
The gnoll bouda hits you but does no damage.
The gnoll bouda hits you with a +0 whip.
* * * LOW HITPOINT WARNING * * *
Aiming: Sandblast (safe; 9% risk of failure)
Press: ? - help, Q - select action, (/) - cycle Shift-Dir - straight line, f/p - gnoll bouda
Aim: a gnoll bouda, wielding a +0 whip and wearing a +0 leather armour (severely wounded, 85% to hit)
The blast of sand hits the gnoll bouda.
The gnoll bouda is almost dead.
The gnoll bouda hits you with a +0 whip.
You die...

####### ......#####
..........#
..........########
..........'....g@#
..........######.###
..........# #...#
.........[# #.#.#
######....# #.#.#
######....# #.#.#
......##### #.#.#
#####.# #.#.#
...##.# #.#.#


You could see a gnoll bouda.

Vanquished Creatures
  Pargi (Sewer)
  Ijyb (D:3)
  2 gnolls
  3 adders
  A worm (D:2)
  A dart slug (D:1)
  2 ball pythons (D:2)
  3 endoplasms
  4 giant cockroaches
  4 goblins
  10 hobgoblins
  9 kobolds
  3 quokkas
  6 bats
  4 frilled lizards
  6 rats
60 creatures vanquished.

Notes
Turn   | Place    | Note
-------+----------+-------------------------------------------
     0 | D:1      | cheesebisquit the Gargoyle Earth Elementalist began the
                  | quest for the Orb.
     0 | D:1      | Reached XP level 1. HP: 10/10 MP: 3/3
   243 | D:1      | Reached skill level 4 in Earth Magic
   243 | D:1      | Reached XP level 2. HP: 16/16 MP: 1/5
   304 | D:1      | Reached skill level 1 in Fighting
   481 | D:1      | Reached XP level 3. HP: 20/20 MP: 4/6
  1604 | D:3      | Found Eblegued's Book Emporium.
  1657 | D:3      | Reached XP level 4. HP: 26/26 MP: 5/7
  1704 | D:3      | Found a glowing drain.
  1710 | Sewer    | Entered a sewer
  1724 | Sewer    | Reached skill level 5 in Earth Magic
  1761 | Sewer    | Learned a level 3 spell: Stone Arrow
  1766 | Sewer    | Learned a level 4 spell: Petrify
  1793 | Sewer    | Noticed Pargi
  1798 | Sewer    | Killed Pargi
  1799 | Sewer    | Reached XP level 5. HP: 9/31 MP: 2/9
  1888 | Sewer    | Identified the +2 scale mail of Vuc Ocvan {+Inv rF++ Will+
                  | Stlth-}
  2272 | D:3      | Found a glowing golden altar of the Shining One.
  2581 | D:3      | Noticed Ijyb
  2585 | D:3      | Killed Ijyb
  2911 | D:4      | Reached skill level 6 in Earth Magic
  2987 | D:4      | Found a staircase to the Ecumenical Temple.
  3068 | D:4      | Reached XP level 6. HP: 32/36 MP: 7/10
  3077 | D:3      | Slain by a gnoll bouda

Illustrated notes

Levels and vault maps discovered:
D:1:      dpeg_arrival_houses_and_road, layout_rooms, minmay_bisected
D:2:      layout_basic
D:3:      layout_basic, mainiacjoe_overflow_24_doors, gup_sewer_entry_bubbles,
          serial_shops, nicolae_shop_tiny_glass, uniq_ijyb
D:4:      layout_rooms, ashenzari_altar_1, minmay_temple_entry_mist,
          serial_shops, shop, chequers_garden, hangedman_decor_opposing

Skill      XL: |  1  2  3  4  5 |
---------------+----------------+-----
Earth Magic    | 4 5 6 |  6.1
Fighting       | 1 2 |  2.8
Spellcasting   | 3 |  3.2
Dodging        | |  1.5
Stealth        | |  2.1
Transmutations | |  0.7

Action                     |  1- 3 |  4- 6 || total
---------------------------+-------+-------++-------
  Melee: Unarmed           |     9 |       ||     9
         Dagger            |     6 |     2 ||     8
         Punch             |     1 |       ||     1
   Cast: Sandblast         |    46 |    49 ||    95
 Armour: Robe              |     4 |     7 ||    11
         Scale mail        |       |    10 ||    10
  Dodge: Dodged            |    14 |    20 ||    34

Table legend: (Time is in decaauts)
 A = Elapsed time spent in this place.
 B = Non-inter-level travel time spent in this place.
 C = Inter-level travel time spent in this place.
 D = Time resting spent in this place.
 E = Time spent auto-exploring this place.
 F = Levels seen in this place.
 G = Mean time per level.
                   A        B        C        D        E       F      G
               +--------+--------+--------+--------+--------+-----+--------+
         Total |   3146 |   2985 |    161 |    100 |   2414 |   5 |  629.2 |
       Dungeon |   2811 |   2650 |    161 |    100 |   2145 |   4 |  702.8 |
         Sewer |    335 |    335 |      0 |      0 |    269 |   1 |  335.0 |
               +--------+--------+--------+--------+--------+-----+--------+

Top non-repeatable levels by time:
     D:3: 1092 daAuts
     D:2: 836 daAuts
     D:1: 764 daAuts
   Sewer: 335 daAuts
     D:4: 117 daAuts
